 Dungeon Crawl Stone Soup version 0.31-a0-198-g2ad674f65e (webtiles) character file.

Game seed: 17244103016626053709

56 qw the Shooter (level 3, -3/20 HPs)
             Began as a Deep Elf Hunter on June 25, 2023.
             Shot with an arrow by a centaur (6 damage)
             ... on level 3 of the Dungeon.
             The game lasted 00:00:28 (1516 turns).

qw the Shooter (Deep Elf Hunter)                    Turns: 1516, Time: 00:00:28

Health: -3/20      AC:  5    Str: 10    XL:     3   Next: 71%
Magic:  5/5        EV: 11    Int: 13    God:
Gold:   75         SH:  0    Dex: 18    Spells: 2/2 levels left

rFire   . . .        Y - +2 shortbow
rCold   . . .        (shield currently unavailable)
rNeg    . . .        f - +0 ring mail
rPois   .            (no helmet)
rElec   .            (no cloak)
rCorr   .            (no gloves)
SInv    .            (no boots)
Will    .....        (no amulet)
Stlth   +            (no ring)
HPRegen 0.23/turn    (no ring)
MPRegen 0.09/turn

%: no passive effects
@: no status effects
A: no striking features
a: no special abilities


You were on level 3 of the Dungeon.
You visited 1 branch of the dungeon, and saw 3 of its levels.

You collected 75 gold pieces.


   Skills:
 - Level 1.5 Fighting
 + Level 7.2 Ranged Weapons
 - Level 2.4 Dodging
 - Level 1.2 Stealth


You had 2 spell levels left.
You didn't know any spells.
Your spell library was empty.

Inventory:

Hand Weapons
 Y - a +2 shortbow (weapon)
Armour
 f - a +0 ring mail (worn)
Scrolls
 a - 2 scrolls of teleportation
Potions
 e - a potion of mutation {unknown}
 g - a potion of ambrosia {unknown}
 h - a potion of enlightenment {unknown}
 j - a potion of cancellation {unknown}

Dungeon Overview and Level Annotations

Branches:
Dungeon (3/15)

Altars:


Message History

Enter note:
Enter note: A quokka comes into view.
Enter note:
Enter note:
Enter note: You shoot an arrow.
The arrow hits the quokka but does no damage.
You shoot an arrow. The arrow hits the quokka.
The quokka is severely wounded.
You shoot an arrow. The arrow barely misses the quokka.
You shoot an arrow. The arrow hits the quokka!
You kill the quokka!
An endoplasm comes into view.
Found a stone staircase leading down.
You see here a +0 sling.
Enter note:
Enter note:
Enter note: You shoot an arrow.
The arrow hits the endoplasm.
The endoplasm is moderately wounded.
You shoot an arrow. The arrow hits the endoplasm!
You kill the endoplasm!
A centaur comes into view.
Found an ivory wand and a stone.
The centaur wields a +0 shortbow.
The centaur shoots an arrow.
The arrow hits you!
Ouch! That really hurt!
Enter note:
Enter note:
Enter note: You shoot an arrow.
The arrow hits the centaur but does no damage.
The centaur shoots an arrow.
The arrow closely misses you.
A hobgoblin comes into view.
The hobgoblin shouts!
You shoot an arrow.
The arrow hits the hobgoblin but does no damage.
The centaur shoots an arrow.
The arrow hits you!
The centaur shoots an arrow.
The arrow hits you.
You die...

(..../ ..c..
....# ...g
#.># #..#
#..#
#.@#######
#..).....#
#.######.# #.
##.##########
#.
#............
#.
#..#####.####
#. #..#
#.#### #.
#..#####.....
#.
.............


You could see a centaur and a hobgoblin.

Vanquished Creatures
  An adder (D:3)
  2 worms (D:3)
  2 dart slugs (D:2)
  6 ball pythons
  3 bats
  2 endoplasms
  A goblin (D:2)
  4 hobgoblins
  6 jackals
  2 quokkas
  A frilled lizard (D:2)
  2 kobolds (D:2)
  4 rats
36 creatures vanquished.

Notes
Turn   | Place    | Note
-------+----------+-------------------------------------------
     0 | D:1      | qw the Deep Elf Hunter began the quest for the Orb.
     0 | D:1      | Reached XP level 1. HP: 12/12 MP: 3/3
     0 | D:1      | 0 ||| qw: Version: 0.3-a-22-g0ed2b0b
     0 | D:1      | 0 ||| qw: Game counter: 4934
     0 | D:1      | 0 ||| qw: Melee chars always use a shield: true
     0 | D:1      | 0 ||| qw: God list: Okawaru
     0 | D:1      | 0 ||| qw: Allow faded altars: false
     0 | D:1      | 0 ||| qw: Do Orc after clearing Dungeon:15 true
     0 | D:1      | 0 ||| qw: Do second Lair branch before Depths: true
     0 | D:1      | 0 ||| qw: Lair rune preference: random
     0 | D:1      | 0 ||| qw: Goals: Normal
     0 | D:1      | 0 ||| PLANNING D:1-11
   340 | D:1      | Found a faded altar of an unknown god.
   437 | D:1      | Reached skill level 6 in Ranged Weapons
   437 | D:1      | Reached XP level 2. HP: 16/16 MP: 4/4
   570 | D:1      | 570 ||| UPGRADING to +0 ring mail.
   580 | D:1      | 580 ||| DROPPING +0 leather armour.
   581 | D:1      | 581 ||| READING 3 scrolls labelled GIEWIY OBBOGIN.
   586 | D:1      | 586 ||| READING scroll labelled ADWEHOIGUT.
   587 | D:1      | 587 ||| DROPPING scroll of butterflies.
   899 | D:2      | Reached XP level 3. HP: 20/20 MP: 5/5
  1295 | D:2      | 1295 ||| READING 2 scrolls labelled NUIPYH IKHLOALY.
  1296 | D:2      | 1296 ||| READING scroll labelled XESUPOS DUUS.
  1297 | D:2      | 1297 ||| READING scroll labelled TIZXIPPAELI.
  1298 | D:2      | 1298 ||| READING scroll labelled WOHOICK OTARR.
  1299 | D:2      | 1299 ||| DROPPING scroll of blinking.
  1366 | D:3      | 1366 ||| READING scroll of enchant weapon.
  1366 | D:3      | 1366 ||| ENCHANTING +1 shortbow.
  1400 | D:3      | Reached skill level 7 in Ranged Weapons
  1514 | D:3      | Noticed a centaur
  1516 | D:3      | HP: 3/20 [centaur/arrow (7)]
  1516 | D:3      | Shot with an arrow by a centaur

Levels and vault maps discovered:
D:1:      matt_arrival_diagonals, layout_basic,
          ebering_ecumenical_altar_sacrificial
D:2:      layout_basic
D:3:      layout_loops_ring, gammafunk_ghost_grave

Skill      XL: |  1  2  3 |
---------------+----------+-----
Ranged Weapons | 6 7 |  7.2
Fighting       | |  1.5
Dodging        | |  2.4
Stealth        | |  1.2

Action                     || total
---------------------------++-------
   Fire: Shortbow          ||    95
    Use: Scroll            ||     7
 Armour: Leather armour    ||     2
         Ring mail         ||     8
  Dodge: Dodged            ||    11

Table legend:
 A = Non-vault XP
 B = Vault XP
 C = Vault XP percentage of total XP
 D = Non-vault monster count
 E = Vault monster count
 F = Vault count percentage of total count
                 A         B        C        D         E       F
            +---------+---------+-------+---------+---------+-------
      Total |      81 |       0 |   0.0 |      36 |       0 |   0.0
            +---------+---------+-------+---------+---------+-------
        D:1 |      13 |       0 |   0.0 |       7 |       0 |   0.0
        D:2 |      36 |       0 |   0.0 |      20 |       0 |   0.0
        D:3 |      32 |       0 |   0.0 |       9 |       0 |   0.0
            +---------+---------+-------+---------+---------+-------
